Maple Leafs vs Sharks

Created - 7 décembre 2023 at 20:04

Goals
1 2 3 T
Maple Leafs 0 1 1 2
Sharks 1 0 0 1
Shots
1 2 3 T
Maple Leafs 13 14 8 35
Sharks 13 16 5 34

GoalsPenalties
1st period
1. Sharks , Leon Draisaitl 15 (Pavel Buchnevich 22) at 12:22 (PP)
Brent Burns (TOR) for High sticking (Minor) at 6:50
Nathan Beaulieu (TOR) for Delaying the game (Minor) at 11:28
Jake McCabe (SJ ) for Hooking (Minor) at 16:15
2nd period
2. Maple Leafs , Jan Rutta 2 (Ryan O'Reilly 28, Filip Forsberg 25) at 17:04
Ivan Provorov (SJ ) for Roughing (Minor) at 5:53
3rd period
3. Maple Leafs , T.J. Oshie 14 (Michael Rasmussen 15, Nick Cousins 12) at 0:47
Nick Schmaltz (SJ ) for Slashing (Minor) at 10:47
Goalie Stats
Sergei Bobrovsky (TOR), 33 saves from 34 shots - (0,971), W, 18-7-4, 60:00 minutes
Andrei Vasilevskiy (SJ ), 33 saves from 35 shots - (0,943), L, 23-16-1, 60:00 minutes
3 StarsOfficial
1 - Sergei Bobrovsky (TOR)
2 - T.J. Oshie (TOR)
3 - Andrei Vasilevskiy (SJ )
Referees : Lacey Senuk and Daria Ermak
Linesman : Kaylah Krieger and Derek Amell
Game Note
No Game Note
Finance
Level 1 -- Attendance: 6300 (100%) -- Ticket Income $535,500
Level 2 -- Attendance: 5213 (97%) -- Ticket Income $239,798
Level 3 -- Attendance: 2600 (100%) -- Ticket Income $85,800
Level 4 -- Attendance: 2987 (73%) -- Ticket Income $56,753
Luxury Box -- Attendance: 974 (89%) -- Ticket Income $155,840
Game was played at the HP Pavilion.
Total Attendance: 18074 (93%)
Total Ticket Income: $1,073,691
Other Income: $322,107
Total Income: $1,395,798



Team Name Goals Shots Shots Attemp Shots Blocked PIM HIT PP PK FO%
Maple Leafs 2356574160 / 3 (0%)150%
Sharks 1346996151 / 2 (50%)050%

Maple Leafs
Player Name POS G A P +/- PIM HIT SHT SB MP PP MP PP SHT PK MP PK SHT FO% FOT GA TA
Brent BurnsD0000203020:153:5800:1200% 011
Cal ClutterbuckRW0000000011:120:0000:0000% 100
Colin MillerD0001001018:201:5900:0000% 000
Colton ParaykoD0001002222:591:5912:0200% 010
Darnell NurseD0000001024:023:5802:2500% 010
Emil BemstromLW/RW0000010011:440:0200:0000% 100
Filip ForsbergLW0111028018:142:4600:0000% 000
Jan RuttaD1011002118:170:0001:0700% 002
Lars EllerC0000051113:370:0001:57057% 2310
Mason AppletonC/RW0001001016:310:1700:00025% 401
Matt NietoLW/RW0000005015:450:4701:570100% 100
Michael RasmussenC/LW0111024116:342:5000:56027% 1100
Nathan BeaulieuD0001201016:180:0000:0000% 000
Nick CousinsC/LW0111001014:012:3900:000100% 110
Ryan O'ReillyC0111021220:252:4100:56065% 1710
Sam GagnerC/RW0000020013:382:4800:0000% 100
T.J. OshieRW1011023014:013:0110:0000% 001
Vinnie HinostrozaLW/RW0000001011:120:0000:0000% 000
Sharks
Player Name POS G A P +/- PIM HIT SHT SB MP PP MP PP SHT PK MP PK SHT FO% FOT GA TA
Alex OvechkinLW000-1023123:141:4701:4100% 201
Alex PietrangeloD000-2010027:112:2103:2400% 001
Andrei KuzmenkoLW/RW000000007:531:0600:0000% 010
Colton SissonsC/RW000-1024220:580:0002:4400% 200
Ivan ProvorovD000-2201018:450:3200:0000% 000
Jake McCabeD0000202017:360:3201:5100% 000
Jean-Gabriel PageauC000-1011013:261:0602:12050% 810
John CarlsonD0000001021:302:2100:4900% 000
Leon DraisaitlC/LW101-1008021:261:4750:00047% 3031
Mario FerraroD0000000217:530:0002:5600% 001
Nick SchmaltzC/RW0000217016:361:0610:5500% 000
Pavel BuchnevichC/LW/RW0110023219:291:4701:38050% 201
Shane PintoC000000006:470:0000:000100% 100
Tomas NosekC/LW000-102209:580:0000:000100% 100
Trevor LewisC/RW000-101019:580:0000:0000% 101
Trevor van RiemsdykD0000010017:200:0002:5400% 000
William KarlssonC0000012117:130:0002:44069% 1300
Wyatt JohnstonC000001006:470:0000:0000% 000

Maple Leafs

5 vs 5 Forward
Line #Left WingCenterRight WingPHYDFOFWanted %Time %Time Play
1Filip ForsbergRyan O'ReillyMason Appleton0323131%15:30
2Nick CousinsMichael RasmussenT.J. Oshie0322523%11:35
3Matt NietoLars EllerEmil Bemstrom0322323%11:40
4Vinnie HinostrozaSam GagnerCal Clutterbuck0322122%11:12
5 vs 5 Defense
Line #DefenseDefensePHYDFOFWanted %Time %Time Play
1Darnell NurseBrent Burns0323433%16:26
2Jan RuttaColton Parayko0323334%17:12
3Nathan BeaulieuColin Miller0323333%16:19
4Darnell NurseBrent Burns02300%0:00
Power Play Forward
Line #Left WingCenterRight WingPHYDFOFWanted %Time %Time Play
1Filip ForsbergRyan O'ReillyT.J. Oshie1136255%3:18
2Nick CousinsMichael RasmussenSam Gagner1133845%2:39
Power Play Defense
Line #DefenseDefensePHYDFOFWanted %Time %Time Play
1Darnell NurseBrent Burns1136867%3:58
2Colin MillerColton Parayko1133233%1:59
Penalty Kill 4 Players Forward
Line #CenterWingPHYDFOFWanted %Time %Time Play
1Lars EllerMatt Nieto0415468%1:57
2Ryan O'ReillyMichael Rasmussen1314632%0:56
Penalty Kill 4 Players Defense
Line #DefenseDefensePHYDFOFWanted %Time %Time Play
1Darnell NurseColton Parayko1315861%1:46
2Jan RuttaBrent Burns1314239%1:07
Penalty Kill 3 Players
Line #WingPHYDFOFWanted %Time %Time PlayDefenseDefensePHYDFOFWanted %Time %Time Play
1Ryan O'Reilly041580%0:00 Darnell NurseColton Parayko041580%0:00
2Lars Eller041420%0:00 Jan RuttaBrent Burns041420%0:00
4 vs 4 Forward
Line #CenterWingPHYDFOFWanted %Time %Time Play
1Ryan O'ReillyFilip Forsberg032550%0:00
2Lars EllerMason Appleton032450%0:00
4 vs 4 Defense
Line #DefensePHYDFOFWanted %Time %Time Play
1Darnell NurseBrent Burns032550%0:00
2Colin MillerColton Parayko032450%0:00
Last Minutes Offensive
Left WingCenterRight WingDefenseDefense
Filip ForsbergRyan O'ReillyT.J. OshieDarnell NurseBrent Burns
Last Minutes Defensive
Left WingCenterRight WingDefenseDefense
Michael RasmussenRyan O'ReillyMatt NietoDarnell NurseColton Parayko
Time
Total ForwardTotal DefenseLast Minutes OffensiveLast Minutes Defensive
60:00 60:00 0:001:13
Extra Forwards
Normal PowerPlayPenalty Kill
Ryan O'Reilly, Filip Forsberg, T.J. OshieFilip Forsberg, T.J. OshieLars Eller
Extra Defensemen
Normal PowerPlayPenalty Kill
Brent Burns, Darnell Nurse, Colton ParaykoBrent Burns, Darnell NurseColton Parayko
Penalty Shots
T.J. Oshie, Filip Forsberg, Ryan O'Reilly, Brent Burns, Sam Gagner
Goalie
Sergei Bobrovsky, Anthony Stolarz
Scratches
None

Sharks

5 vs 5 Forward
Line #Left WingCenterRight WingPHYDFOFWanted %Time %Time Play
1Alex OvechkinLeon DraisaitlColton Sissons1134137%18:33
2Pavel BuchnevichWilliam KarlssonNick Schmaltz1133129%14:39
3Tomas NosekJean-Gabriel PageauTrevor Lewis1222120%9:58
4Wyatt JohnstonShane PintoAndrei Kuzmenko122714%6:47
5 vs 5 Defense
Line #DefenseDefensePHYDFOFWanted %Time %Time Play
1Alex PietrangeloIvan Provorov1134038%19:00
2John CarlsonJake McCabe1133031%15:28
3Trevor van RiemsdykMario Ferraro1222129%14:26
4Alex PietrangeloJohn Carlson12292%1:03
Power Play Forward
Line #Left WingCenterRight WingPHYDFOFWanted %Time %Time Play
1Alex OvechkinLeon DraisaitlPavel Buchnevich1136562%1:47
2Andrei KuzmenkoJean-Gabriel PageauNick Schmaltz1133538%1:06
Power Play Defense
Line #DefenseDefensePHYDFOFWanted %Time %Time Play
1Alex PietrangeloJohn Carlson1136582%2:21
2Ivan ProvorovJake McCabe1133518%0:32
Penalty Kill 4 Players Forward
Line #CenterWingPHYDFOFWanted %Time %Time Play
1William KarlssonColton Sissons1316081%4:49
2Jean-Gabriel PageauPavel Buchnevich1314019%1:08
Penalty Kill 4 Players Defense
Line #DefenseDefensePHYDFOFWanted %Time %Time Play
1Alex PietrangeloTrevor van Riemsdyk1316051%3:01
2Mario FerraroJake McCabe1314049%2:56
Penalty Kill 3 Players
Line #WingPHYDFOFWanted %Time %Time PlayDefenseDefensePHYDFOFWanted %Time %Time Play
1William Karlsson140600%0:00 Alex PietrangeloTrevor van Riemsdyk140600%0:00
2Jean-Gabriel Pageau140400%0:00 Mario FerraroJake McCabe140400%0:00
4 vs 4 Forward
Line #CenterWingPHYDFOFWanted %Time %Time Play
1Leon DraisaitlAlex Ovechkin113600%0:00
2William KarlssonPavel Buchnevich122400%0:00
4 vs 4 Defense
Line #DefensePHYDFOFWanted %Time %Time Play
1Alex PietrangeloJohn Carlson113600%0:00
2Ivan ProvorovJake McCabe122400%0:00
Last Minutes Offensive
Left WingCenterRight WingDefenseDefense
Alex OvechkinLeon DraisaitlPavel BuchnevichAlex PietrangeloJohn Carlson
Last Minutes Defensive
Left WingCenterRight WingDefenseDefense
Pavel BuchnevichWilliam KarlssonColton SissonsAlex PietrangeloTrevor van Riemsdyk
Time
Total ForwardTotal DefenseLast Minutes OffensiveLast Minutes Defensive
60:00 60:00 1:130:00
Extra Forwards
Normal PowerPlayPenalty Kill
Jean-Gabriel Pageau, Nick Schmaltz, Colton SissonsJean-Gabriel Pageau, Nick SchmaltzJean-Gabriel Pageau
Extra Defensemen
Normal PowerPlayPenalty Kill
Jake McCabe, John Carlson, Mario FerraroJake McCabe, Jake McCabeJohn Carlson
Penalty Shots
Leon Draisaitl, Alex Ovechkin, Pavel Buchnevich, Alex Pietrangelo, Nick Schmaltz
Goalie
Andrei Vasilevskiy, Scott Wedgewood
Scratches
None


Play-by-Play

1st period


0:01 of 1st period - Leon Draisaitl wins face-off versus Mason Appleton in neutral zone.
0:12 of 1st period - Ivan Provorov is hit by Filip Forsberg and loses puck.
0:53 of 1st period - Slapshot by Pavel Buchnevich.
0:53 of 1st period - Shot Misses the Net.
1:03 of 1st period - Snap shot by Pavel Buchnevich.
1:03 of 1st period - Deflect By William Karlsson.
1:03 of 1st period - Stopped by Sergei Bobrovsky with a rebound.
1:55 of 1st period - Snap shot by Filip Forsberg.
1:55 of 1st period - Stopped by Andrei Vasilevskiy with a rebound.
1:57 of 1st period - Snap shot by Ryan O'Reilly.
1:57 of 1st period - Deflect By Filip Forsberg.
1:57 of 1st period - Shot Blocked by Mario Ferraro.
1:57 of 1st period - Puck is out of play.
1:58 of 1st period - Ryan O'Reilly wins face-off versus William Karlsson in Sharks zone.
2:31 of 1st period - Snap shot by Filip Forsberg.
2:31 of 1st period - Shot Misses the Net.
2:33 of 1st period - Slapshot by Darnell Nurse.
2:33 of 1st period - Shot Misses the Net.
2:35 of 1st period - Slapshot by Brent Burns.
2:35 of 1st period - Stopped by Andrei Vasilevskiy without a rebound.
2:36 of 1st period - Leon Draisaitl wins face-off versus Lars Eller in Sharks zone.
2:45 of 1st period - Wrist shot by Leon Draisaitl.
2:45 of 1st period - Shot Misses the Net.
2:47 of 1st period - Slapshot by Mario Ferraro.
2:47 of 1st period - Shot Blocked by Lars Eller.
2:49 of 1st period - Slapshot by Mario Ferraro.
2:49 of 1st period - Shot Misses the Net.
3:37 of 1st period - Snap shot by Michael Rasmussen.
3:37 of 1st period - Stopped by Andrei Vasilevskiy without a rebound.
3:38 of 1st period - Lars Eller wins face-off versus Leon Draisaitl in Sharks zone.
3:39 of 1st period - Snap shot by Matt Nieto.
3:39 of 1st period - Stopped by Andrei Vasilevskiy with a rebound.
3:53 of 1st period - Backhand shot by Mario Ferraro.
3:53 of 1st period - Shot Misses the Net.
4:05 of 1st period - Darnell Nurse is hit by Jean-Gabriel Pageau.
4:37 of 1st period - Wrist shot by T.J. Oshie.
4:37 of 1st period - Shot Blocked by William Karlsson.
5:55 of 1st period - Wrist shot by Michael Rasmussen.
5:55 of 1st period - Stopped by Andrei Vasilevskiy without a rebound.
5:56 of 1st period - Pavel Buchnevich wins face-off versus Michael Rasmussen in Sharks zone.
6:16 of 1st period - Pavel Buchnevich is hit by T.J. Oshie and loses puck.
6:27 of 1st period - Snap shot by Michael Rasmussen.
6:27 of 1st period - Shot Blocked by Mario Ferraro.
6:29 of 1st period - Wrist shot by Michael Rasmussen.
6:29 of 1st period - Deflect By T.J. Oshie.
6:29 of 1st period - Shot Misses the Net.
6:29 of 1st period - Puck is out of play.
6:30 of 1st period - Leon Draisaitl wins face-off versus Mason Appleton in Sharks zone.
6:34 of 1st period - Off-side.
6:35 of 1st period - Leon Draisaitl wins face-off versus Ryan O'Reilly in neutral zone.
6:48 of 1st period - Snap shot by Alex Ovechkin.
6:48 of 1st period - Shot Misses the Net.
6:50 of 1st period - Minor Penalty to Brent Burns for High sticking.
6:51 of 1st period - Lars Eller wins face-off versus Leon Draisaitl in Maple Leafs zone.
6:57 of 1st period - Icing by Leon Draisaitl.
6:58 of 1st period - Leon Draisaitl wins face-off versus Lars Eller in Sharks zone.
7:15 of 1st period - Snap shot by Leon Draisaitl.
7:15 of 1st period - Stopped by Sergei Bobrovsky without a rebound.
7:16 of 1st period - Lars Eller wins face-off versus Leon Draisaitl in Maple Leafs zone.
7:51 of 1st period - Icing by Jean-Gabriel Pageau.
7:52 of 1st period - Jean-Gabriel Pageau wins face-off versus Lars Eller in Sharks zone.
8:09 of 1st period - Nick Schmaltz is hit by Ryan O'Reilly and loses puck.
8:18 of 1st period - Slapshot by Nick Schmaltz.
8:18 of 1st period - Shot Blocked by Ryan O'Reilly.
8:20 of 1st period - Slapshot by Jake McCabe.
8:20 of 1st period - Shot Blocked by Michael Rasmussen.
8:22 of 1st period - Slapshot by Jake McCabe.
8:22 of 1st period - Shot Blocked by Ryan O'Reilly.
8:26 of 1st period - Slapshot by Nick Schmaltz.
8:26 of 1st period - Stopped by Sergei Bobrovsky without a rebound.
8:27 of 1st period - Lars Eller wins face-off versus Alex Ovechkin in Maple Leafs zone.
8:40 of 1st period - Slapshot by Pavel Buchnevich.
8:40 of 1st period - Shot Blocked by Jan Rutta.
8:42 of 1st period - Wrist shot by Leon Draisaitl.
8:42 of 1st period - Stopped by Sergei Bobrovsky without a rebound.
8:43 of 1st period - Lars Eller wins face-off versus Leon Draisaitl in Maple Leafs zone.
8:50 of 1st period - Penalty to Brent Burns is over, Brent Burns is back on ice.
9:08 of 1st period - Darnell Nurse is hit by Alex Pietrangelo and loses puck.
9:35 of 1st period - Alex Pietrangelo is hit by Lars Eller and loses puck.
9:56 of 1st period - Slapshot by Filip Forsberg.
9:56 of 1st period - Stopped by Andrei Vasilevskiy with a rebound.
9:58 of 1st period - Slapshot by Nathan Beaulieu.
9:58 of 1st period - Stopped by Andrei Vasilevskiy without a rebound.
9:59 of 1st period - Ryan O'Reilly wins face-off versus Leon Draisaitl in Sharks zone.
10:00 of 1st period - Wrist shot by Filip Forsberg.
10:00 of 1st period - Stopped by Andrei Vasilevskiy with a rebound.
10:02 of 1st period - Slapshot by Colton Parayko.
10:02 of 1st period - Stopped by Andrei Vasilevskiy with a rebound.
10:04 of 1st period - Slapshot by Filip Forsberg.
10:04 of 1st period - Stopped by Andrei Vasilevskiy without a rebound.
10:05 of 1st period - Ryan O'Reilly wins face-off versus Leon Draisaitl in Sharks zone.
10:18 of 1st period - Trevor van Riemsdyk is hit by Filip Forsberg and loses puck.
10:33 of 1st period - Snap shot by Pavel Buchnevich.
10:33 of 1st period - Stopped by Sergei Bobrovsky without a rebound.
10:34 of 1st period - William Karlsson wins face-off versus Cal Clutterbuck in Maple Leafs zone.
10:35 of 1st period - Snap shot by Nick Schmaltz.
10:35 of 1st period - Stopped by Sergei Bobrovsky with a rebound.
11:00 of 1st period - Wrist shot by Nick Schmaltz.
11:00 of 1st period - Stopped by Sergei Bobrovsky with a rebound.
11:02 of 1st period - Snap shot by William Karlsson.
11:02 of 1st period - Stopped by Sergei Bobrovsky with a rebound.
11:04 of 1st period - Snap shot by Pavel Buchnevich.
11:04 of 1st period - Stopped by Sergei Bobrovsky without a rebound.
11:05 of 1st period - Leon Draisaitl wins face-off versus Ryan O'Reilly in Maple Leafs zone.
11:08 of 1st period - Wrist shot by Alex Ovechkin.
11:08 of 1st period - Shot Misses the Net.
11:10 of 1st period - Slapshot by Ivan Provorov.
11:10 of 1st period - Shot Misses the Net.
11:12 of 1st period - Slapshot by Alex Pietrangelo.
11:12 of 1st period - Shot Misses the Net.
11:14 of 1st period - Slapshot by Leon Draisaitl.
11:14 of 1st period - Shot Misses the Net.
11:16 of 1st period - Slapshot by Ivan Provorov.
11:16 of 1st period - Shot Misses the Net.
11:28 of 1st period - Minor Penalty to Nathan Beaulieu for Delaying the game.
11:29 of 1st period - Leon Draisaitl wins face-off versus Lars Eller in Maple Leafs zone.
11:36 of 1st period - Snap shot by Leon Draisaitl.
11:36 of 1st period - Stopped by Sergei Bobrovsky without a rebound.
11:37 of 1st period - Lars Eller wins face-off versus Alex Ovechkin in Maple Leafs zone.
11:46 of 1st period - Snap shot by Leon Draisaitl.
11:46 of 1st period - Shot Misses the Net.
11:58 of 1st period - Slapshot by Alex Pietrangelo.
11:58 of 1st period - Shot Misses the Net.
12:00 of 1st period - Wrist shot by Leon Draisaitl.
12:00 of 1st period - Stopped by Sergei Bobrovsky without a rebound.
12:01 of 1st period - Lars Eller wins face-off versus Jean-Gabriel Pageau in Maple Leafs zone.
12:10 of 1st period - Wrist shot by Alex Pietrangelo.
12:10 of 1st period - Shot Misses the Net.
12:12 of 1st period - Slapshot by Alex Pietrangelo.
12:12 of 1st period - Deflect By Nick Schmaltz.
12:12 of 1st period - Shot Misses the Net.
12:12 of 1st period - Puck is out of play.
12:13 of 1st period - Leon Draisaitl wins face-off versus Lars Eller in Maple Leafs zone.
12:22 of 1st period - Slapshot by Leon Draisaitl.
12:22 of 1st period - Goal by Leon Draisaitl - Maple Leafs : 0 - Sharks : 1.
12:23 of 1st period - Leon Draisaitl wins face-off versus Michael Rasmussen in neutral zone.
12:49 of 1st period - Lars Eller is hit by Nick Schmaltz and loses puck.
13:00 of 1st period - Snap shot by Lars Eller.
13:00 of 1st period - Stopped by Andrei Vasilevskiy with a rebound.
14:35 of 1st period - Snap shot by Cal Clutterbuck.
14:35 of 1st period - Shot Misses the Net.
14:37 of 1st period - Snap shot by Cal Clutterbuck.
14:37 of 1st period - Shot Blocked by Pavel Buchnevich.
16:06 of 1st period - Wrist shot by Ryan O'Reilly.
16:06 of 1st period - Shot Misses the Net.
16:08 of 1st period - Wrist shot by Mason Appleton.
16:08 of 1st period - Stopped by Andrei Vasilevskiy without a rebound.
16:09 of 1st period - Lars Eller wins face-off versus William Karlsson in Sharks zone.
16:15 of 1st period - Minor Penalty to Jake McCabe for Hooking.
16:16 of 1st period - William Karlsson wins face-off versus Michael Rasmussen in Sharks zone.
16:16 of 1st period - William Karlsson is hit by Sam Gagner.
18:12 of 1st period - Matt Nieto is hit by Alex Ovechkin and loses puck.
18:15 of 1st period - Penalty to Jake McCabe is over, Jake McCabe is back on ice.
18:35 of 1st period - Snap shot by Alex Pietrangelo.
18:35 of 1st period - Deflect By Andrei Kuzmenko.
18:35 of 1st period - Shot Misses the Net.
18:35 of 1st period - Puck is out of play.
18:36 of 1st period - Jean-Gabriel Pageau wins face-off versus Lars Eller in Maple Leafs zone.
18:43 of 1st period - Snap shot by Jean-Gabriel Pageau.
18:43 of 1st period - Deflect By Tomas Nosek.
18:43 of 1st period - Stopped by Sergei Bobrovsky without a rebound.
18:44 of 1st period - Michael Rasmussen wins face-off versus Trevor Lewis in Maple Leafs zone.
19:04 of 1st period - Icing by Trevor Lewis.
19:05 of 1st period - Tomas Nosek wins face-off versus Lars Eller in Sharks zone.
19:12 of 1st period - Snap shot by Trevor Lewis.
19:12 of 1st period - Shot Misses the Net.
19:40 of 1st period - Wrist shot by T.J. Oshie.
19:40 of 1st period - Shot Hit the Post.
19:42 of 1st period - Slapshot by Colin Miller.
19:42 of 1st period - Stopped by Andrei Vasilevskiy with a rebound.
19:54 of 1st period - Darnell Nurse is hit by Pavel Buchnevich and loses puck.
Goals for this period are 0 for Maple Leafs vs 1 for Sharks.
Shots for this period are 13 for Maple Leafs vs 13 for Sharks.

2nd period


0:01 of 2nd period - Lars Eller wins face-off versus Leon Draisaitl in neutral zone.
0:08 of 2nd period - Snap shot by Leon Draisaitl.
0:08 of 2nd period - Stopped by Sergei Bobrovsky without a rebound.
0:09 of 2nd period - Leon Draisaitl wins face-off versus Emil Bemstrom in Maple Leafs zone.
0:20 of 2nd period - Snap shot by Leon Draisaitl.
0:20 of 2nd period - Shot Blocked by Colton Parayko.
0:36 of 2nd period - Snap shot by Leon Draisaitl.
0:36 of 2nd period - Deflect By Colton Sissons.
0:36 of 2nd period - Shot Misses the Net.
0:36 of 2nd period - Puck is out of play.
0:37 of 2nd period - William Karlsson wins face-off versus Michael Rasmussen in Maple Leafs zone.
0:38 of 2nd period - Snap shot by Nick Schmaltz.
0:38 of 2nd period - Stopped by Sergei Bobrovsky with a rebound.
1:18 of 2nd period - Snap shot by Jean-Gabriel Pageau.
1:18 of 2nd period - Stopped by Sergei Bobrovsky with a rebound.
2:38 of 2nd period - Snap shot by Nick Schmaltz.
2:38 of 2nd period - Stopped by Sergei Bobrovsky with a rebound.
2:40 of 2nd period - Snap shot by Jake McCabe.
2:40 of 2nd period - Shot Misses the Net.
2:42 of 2nd period - Slapshot by Jake McCabe.
2:42 of 2nd period - Stopped by Sergei Bobrovsky without a rebound.
2:43 of 2nd period - Leon Draisaitl wins face-off versus Ryan O'Reilly in Maple Leafs zone.
3:37 of 2nd period - Snap shot by John Carlson.
3:37 of 2nd period - Stopped by Sergei Bobrovsky without a rebound.
3:38 of 2nd period - Matt Nieto wins face-off versus Pavel Buchnevich in Maple Leafs zone.
3:43 of 2nd period - Slapshot by Brent Burns.
3:43 of 2nd period - Stopped by Andrei Vasilevskiy without a rebound.
3:44 of 2nd period - William Karlsson wins face-off versus Lars Eller in Sharks zone.
3:44 of 2nd period - William Karlsson is hit by Lars Eller.
4:23 of 2nd period - Snap shot by Alex Ovechkin.
4:23 of 2nd period - Stopped by Sergei Bobrovsky with a rebound.
4:47 of 2nd period - Ryan O'Reilly is hit by Tomas Nosek and loses puck.
5:28 of 2nd period - Slapshot by Leon Draisaitl.
5:28 of 2nd period - Stopped by Sergei Bobrovsky without a rebound.
5:29 of 2nd period - Ryan O'Reilly wins face-off versus Leon Draisaitl in Maple Leafs zone.
5:29 of 2nd period - Ryan O'Reilly is hit by Colton Sissons.
5:53 of 2nd period - Minor Penalty to Ivan Provorov for Roughing.
5:54 of 2nd period - William Karlsson wins face-off versus Ryan O'Reilly in Sharks zone.
6:07 of 2nd period - Snap shot by T.J. Oshie.
6:07 of 2nd period - Stopped by Andrei Vasilevskiy with a rebound.
6:29 of 2nd period - Slapshot by Colton Parayko.
6:29 of 2nd period - Stopped by Andrei Vasilevskiy with a rebound.
6:31 of 2nd period - Snap shot by Nick Cousins.
6:31 of 2nd period - Shot Blocked by Pavel Buchnevich.
7:29 of 2nd period - Wrist shot by Nick Schmaltz.
7:29 of 2nd period - Shot Misses the Net.
7:53 of 2nd period - Penalty to Ivan Provorov is over, Ivan Provorov is back on ice.
7:54 of 2nd period - Icing by Jean-Gabriel Pageau.
7:55 of 2nd period - Mason Appleton wins face-off versus Jean-Gabriel Pageau in Sharks zone.
7:56 of 2nd period - Wrist shot by Matt Nieto.
7:56 of 2nd period - Shot Misses the Net.
8:00 of 2nd period - Wrist shot by Matt Nieto.
8:00 of 2nd period - Shot Misses the Net.
8:02 of 2nd period - Snap shot by Matt Nieto.
8:02 of 2nd period - Stopped by Andrei Vasilevskiy without a rebound.
8:03 of 2nd period - Lars Eller wins face-off versus Colton Sissons in Sharks zone.
8:04 of 2nd period - Snap shot by Matt Nieto.
8:04 of 2nd period - Stopped by Andrei Vasilevskiy without a rebound.
8:05 of 2nd period - Leon Draisaitl wins face-off versus Lars Eller in Sharks zone.
8:16 of 2nd period - Wrist shot by Matt Nieto.
8:16 of 2nd period - Stopped by Andrei Vasilevskiy without a rebound.
8:17 of 2nd period - Nick Cousins wins face-off versus Leon Draisaitl in Sharks zone.
8:20 of 2nd period - Snap shot by T.J. Oshie.
8:20 of 2nd period - Deflect By Michael Rasmussen.
8:20 of 2nd period - Shot Blocked by Colton Sissons.
8:20 of 2nd period - Puck is out of play.
8:21 of 2nd period - Leon Draisaitl wins face-off versus Michael Rasmussen in Sharks zone.
8:38 of 2nd period - Wrist shot by T.J. Oshie.
8:38 of 2nd period - Shot Misses the Net.
9:34 of 2nd period - John Carlson is hit by Emil Bemstrom and loses puck.
9:57 of 2nd period - Wrist shot by T.J. Oshie.
9:57 of 2nd period - Stopped by Andrei Vasilevskiy with a rebound.
9:59 of 2nd period - Backhand shot by Jan Rutta.
9:59 of 2nd period - Stopped by Andrei Vasilevskiy without a rebound.
10:00 of 2nd period - Ryan O'Reilly wins face-off versus Leon Draisaitl in Sharks zone.
10:01 of 2nd period - Slapshot by Filip Forsberg.
10:01 of 2nd period - Stopped by Andrei Vasilevskiy with a rebound.
10:29 of 2nd period - Snap shot by Alex Ovechkin.
10:29 of 2nd period - Shot Misses the Net.
11:03 of 2nd period - Wrist shot by Filip Forsberg.
11:03 of 2nd period - Stopped by Andrei Vasilevskiy with a rebound.
11:05 of 2nd period - Wrist shot by Filip Forsberg.
11:05 of 2nd period - Shot Misses the Net.
11:23 of 2nd period - Wrist shot by Colton Sissons.
11:23 of 2nd period - Stopped by Sergei Bobrovsky without a rebound.
11:24 of 2nd period - William Karlsson wins face-off versus Michael Rasmussen in Maple Leafs zone.
11:51 of 2nd period - Jean-Gabriel Pageau is hit by Sam Gagner.
11:57 of 2nd period - Snap shot by Vinnie Hinostroza.
11:57 of 2nd period - Stopped by Andrei Vasilevskiy without a rebound.
11:58 of 2nd period - Jean-Gabriel Pageau wins face-off versus Sam Gagner in Sharks zone.
12:10 of 2nd period - Snap shot by Mario Ferraro.
12:10 of 2nd period - Shot Misses the Net.
13:38 of 2nd period - Snap shot by Leon Draisaitl.
13:38 of 2nd period - Deflect By Colton Sissons.
13:38 of 2nd period - Stopped by Sergei Bobrovsky with a rebound.
13:44 of 2nd period - Colton Sissons is hit by T.J. Oshie and loses puck.
13:59 of 2nd period - Wrist shot by Filip Forsberg.
13:59 of 2nd period - Stopped by Andrei Vasilevskiy with a rebound.
14:19 of 2nd period - Andrei Kuzmenko is hit by Lars Eller and loses puck.
15:07 of 2nd period - Snap shot by Nick Schmaltz.
15:07 of 2nd period - Shot Misses the Net.
16:18 of 2nd period - Wrist shot by Nick Schmaltz.
16:18 of 2nd period - Stopped by Sergei Bobrovsky without a rebound.
16:19 of 2nd period - Ryan O'Reilly wins face-off versus Leon Draisaitl in Maple Leafs zone.
16:27 of 2nd period - Off-side.
16:28 of 2nd period - Ryan O'Reilly wins face-off versus Leon Draisaitl in neutral zone.
16:35 of 2nd period - Snap shot by Filip Forsberg.
16:35 of 2nd period - Stopped by Andrei Vasilevskiy with a rebound.
16:46 of 2nd period - Icing by Colton Parayko.
16:47 of 2nd period - Ryan O'Reilly wins face-off versus Jean-Gabriel Pageau in Maple Leafs zone.
17:02 of 2nd period - Snap shot by Ryan O'Reilly.
17:02 of 2nd period - Shot Misses the Net.
17:04 of 2nd period - Slapshot by Jan Rutta.
17:04 of 2nd period - Deflect By Alex Pietrangelo.
17:04 of 2nd period - Goal by Jan Rutta - Maple Leafs : 1 - Sharks : 1.
17:05 of 2nd period - Leon Draisaitl wins face-off versus Michael Rasmussen in neutral zone.
17:59 of 2nd period - Icing by Filip Forsberg.
18:00 of 2nd period - Ryan O'Reilly wins face-off versus Leon Draisaitl in Maple Leafs zone.
18:29 of 2nd period - Slapshot by Ryan O'Reilly.
18:29 of 2nd period - Shot Misses the Net.
18:37 of 2nd period - Wrist shot by Alex Ovechkin.
18:37 of 2nd period - Deflect By Leon Draisaitl.
18:37 of 2nd period - Stopped by Sergei Bobrovsky with a rebound.
18:39 of 2nd period - Slapshot by Trevor van Riemsdyk.
18:39 of 2nd period - Shot Blocked by Colton Parayko.
18:41 of 2nd period - Snap shot by Alex Ovechkin.
18:41 of 2nd period - Stopped by Sergei Bobrovsky with a rebound.
18:43 of 2nd period - Snap shot by Colton Sissons.
18:43 of 2nd period - Stopped by Sergei Bobrovsky with a rebound.
18:45 of 2nd period - Snap shot by Colton Sissons.
18:45 of 2nd period - Stopped by Sergei Bobrovsky with a rebound.
18:47 of 2nd period - Slapshot by Trevor van Riemsdyk.
18:47 of 2nd period - Deflect By Alex Ovechkin.
18:47 of 2nd period - Stopped by Sergei Bobrovsky with a rebound.
Goals for this period are 1 for Maple Leafs vs 0 for Sharks.
Shots for this period are 14 for Maple Leafs vs 16 for Sharks.

3rd period


0:01 of 3rd period - Michael Rasmussen wins face-off versus William Karlsson in neutral zone.
0:12 of 3rd period - Slapshot by Nick Cousins.
0:12 of 3rd period - Deflect By Michael Rasmussen.
0:12 of 3rd period - Shot Misses the Net.
0:12 of 3rd period - Puck is out of play.
0:13 of 3rd period - Lars Eller wins face-off versus William Karlsson in Sharks zone.
0:40 of 3rd period - Leon Draisaitl is hit by Michael Rasmussen and loses puck.
0:45 of 3rd period - Wrist shot by Michael Rasmussen.
0:45 of 3rd period - Shot Blocked by Colton Sissons.
0:47 of 3rd period - Slapshot by Michael Rasmussen.
0:47 of 3rd period - Deflect By T.J. Oshie.
0:47 of 3rd period - Goal by T.J. Oshie - Maple Leafs : 2 - Sharks : 1.
0:48 of 3rd period - William Karlsson wins face-off versus Michael Rasmussen in neutral zone.
0:51 of 3rd period - Darnell Nurse is hit by William Karlsson.
2:24 of 3rd period - Slapshot by Jake McCabe.
2:24 of 3rd period - Stopped by Sergei Bobrovsky with a rebound.
2:30 of 3rd period - Snap shot by Nick Schmaltz.
2:30 of 3rd period - Stopped by Sergei Bobrovsky with a rebound.
3:39 of 3rd period - Colton Parayko is hit by Pavel Buchnevich and loses puck.
5:19 of 3rd period - Brent Burns is hit by Trevor van Riemsdyk and loses puck.
6:08 of 3rd period - Snap shot by Matt Nieto.
6:08 of 3rd period - Stopped by Andrei Vasilevskiy with a rebound.
6:43 of 3rd period - Matt Nieto is hit by Tomas Nosek and loses puck.
6:52 of 3rd period - Jean-Gabriel Pageau is hit by Lars Eller and loses puck.
7:03 of 3rd period - Snap shot by Sam Gagner.
7:03 of 3rd period - Shot Blocked by Alex Ovechkin.
7:09 of 3rd period - Vinnie Hinostroza is hit by Colton Sissons and loses puck.
7:24 of 3rd period - Mario Ferraro is hit by Michael Rasmussen and loses puck.
7:47 of 3rd period - William Karlsson is hit by Ryan O'Reilly and loses puck.
8:10 of 3rd period - Wrist shot by Alex Ovechkin.
8:10 of 3rd period - Shot Misses the Net.
8:45 of 3rd period - Wrist shot by Trevor Lewis.
8:45 of 3rd period - Shot Misses the Net.
9:05 of 3rd period - Snap shot by Michael Rasmussen.
9:05 of 3rd period - Stopped by Andrei Vasilevskiy with a rebound.
9:07 of 3rd period - Slapshot by Brent Burns.
9:07 of 3rd period - Deflect By Nick Schmaltz.
9:07 of 3rd period - Stopped by Andrei Vasilevskiy without a rebound.
9:08 of 3rd period - Lars Eller wins face-off versus Colton Sissons in Sharks zone.
9:45 of 3rd period - Wrist shot by Jean-Gabriel Pageau.
9:45 of 3rd period - Deflect By Tomas Nosek.
9:45 of 3rd period - Stopped by Sergei Bobrovsky with a rebound.
10:35 of 3rd period - Slapshot by Vinnie Hinostroza.
10:35 of 3rd period - Shot Misses the Net.
10:47 of 3rd period - Minor Penalty to Nick Schmaltz for Slashing.
10:48 of 3rd period - William Karlsson wins face-off versus Ryan O'Reilly in Sharks zone.
11:10 of 3rd period - Slapshot by Brent Burns.
11:10 of 3rd period - Shot Misses the Net.
12:47 of 3rd period - Penalty to Nick Schmaltz is over, Nick Schmaltz is back on ice.
12:59 of 3rd period - Sam Gagner is hit by Wyatt Johnston and loses puck.
13:18 of 3rd period - Matt Nieto is hit by Trevor Lewis and loses puck.
13:40 of 3rd period - Icing by Cal Clutterbuck.
13:41 of 3rd period - Shane Pinto wins face-off versus Mason Appleton in Maple Leafs zone.
13:44 of 3rd period - Slapshot by Ivan Provorov.
13:44 of 3rd period - Stopped by Sergei Bobrovsky with a rebound.
13:46 of 3rd period - Wrist shot by Shane Pinto.
13:46 of 3rd period - Shot Misses the Net.
13:48 of 3rd period - Snap shot by Wyatt Johnston.
13:48 of 3rd period - Shot Misses the Net.
13:50 of 3rd period - Wrist shot by Wyatt Johnston.
13:50 of 3rd period - Shot Misses the Net.
14:14 of 3rd period - Wrist shot by Lars Eller.
14:14 of 3rd period - Shot Misses the Net.
14:16 of 3rd period - Slapshot by Darnell Nurse.
14:16 of 3rd period - Stopped by Andrei Vasilevskiy without a rebound.
14:17 of 3rd period - Michael Rasmussen wins face-off versus Leon Draisaitl in Sharks zone.
14:28 of 3rd period - Slapshot by Nick Cousins.
14:28 of 3rd period - Stopped by Andrei Vasilevskiy with a rebound.
14:50 of 3rd period - Snap shot by Pavel Buchnevich.
14:50 of 3rd period - Deflect By Filip Forsberg.
14:50 of 3rd period - Stopped by Sergei Bobrovsky without a rebound.
14:51 of 3rd period - William Karlsson wins face-off versus Ryan O'Reilly in Maple Leafs zone.
15:04 of 3rd period - Slapshot by Filip Forsberg.
15:04 of 3rd period - Deflect By William Karlsson.
15:04 of 3rd period - Shot Misses the Net.
15:04 of 3rd period - Puck is out of play.
15:05 of 3rd period - Jean-Gabriel Pageau wins face-off versus Lars Eller in Sharks zone.
15:05 of 3rd period - Jean-Gabriel Pageau is hit by Lars Eller.
15:21 of 3rd period - Snap shot by Emil Bemstrom.
15:21 of 3rd period - Shot Blocked by Trevor Lewis.
15:57 of 3rd period - Snap shot by Filip Forsberg.
15:57 of 3rd period - Shot Misses the Net.
15:59 of 3rd period - Snap shot by Ryan O'Reilly.
15:59 of 3rd period - Stopped by Andrei Vasilevskiy without a rebound.
16:00 of 3rd period - Ryan O'Reilly wins face-off versus Jean-Gabriel Pageau in Sharks zone.
16:20 of 3rd period - Slapshot by Nathan Beaulieu.
16:20 of 3rd period - Shot Misses the Net.
16:26 of 3rd period - Colin Miller is hit by Alex Ovechkin and loses puck.
17:21 of 3rd period - Snap shot by Jean-Gabriel Pageau.
17:21 of 3rd period - Deflect By Tomas Nosek.
17:21 of 3rd period - Shot Misses the Net.
17:21 of 3rd period - Puck is out of play.
17:22 of 3rd period - Lars Eller wins face-off versus Leon Draisaitl in Maple Leafs zone.
18:20 of 3rd period - Snap shot by Ryan O'Reilly.
18:20 of 3rd period - Shot Misses the Net.
18:26 of 3rd period - Snap shot by Filip Forsberg.
18:26 of 3rd period - Shot Misses the Net.
18:46 of 3rd period - Slapshot by Darnell Nurse.
18:46 of 3rd period - Deflect By Michael Rasmussen.
18:46 of 3rd period - Stopped by Andrei Vasilevskiy without a rebound.
18:47 of 3rd period - Jon Cooper call a timeout for Sharks.
18:47 of 3rd period - Ryan O'Reilly wins face-off versus Leon Draisaitl in Sharks zone.
Goals for this period are 1 for Maple Leafs vs 0 for Sharks.
Shots for this period are 8 for Maple Leafs vs 5 for Sharks.